 Dungeon Crawl Stone Soup version 0.31-a0-986-g5e6e4ef867 (webtiles) character file.

Game seed: 5230053985121591878

7 wildpjah the Covered (level 1, 19/19 HPs)
             Began as an Armataur Fighter on Nov 20, 2023.
             Quit the game on level 1 of the Dungeon.
             The game lasted 00:00:41 (266 turns).

wildpjah the Covered (Armataur Fighter)              Turns: 266, Time: 00:00:42

Health: 19/19      AC:  7    Str: 21    XL:     1   Next: 91%
Magic:  1/1        EV:  7    Int:  8    God:
Gold:   13         SH:  4    Dex:  9    Spells: 0/0 levels left

rFire   . . .        a - +0 long sword
rCold   . . .        c - +0 buckler
rNeg    . . .        b - +0 scale mail
rPois   .            (no helmet)
rElec   .            (no cloak)
rCorr   .            (no gloves)
SInv    .            (no barding)
Will    .....        (no amulet) Stlth
                     (no ring)
HPRegen 0.23/turn    (no ring)
MPRegen 0.07/turn

%: roll
@: no status effects
A: large, rugged brown scales 3, deformed body, armoured tail, roll, long
tongue, awkward tongue
a: no special abilities


You were on level 1 of the Dungeon.
You visited 1 branch of the dungeon, and saw 1 of its levels.

You collected 13 gold pieces.

Inventory:

Hand Weapons
 a - a +0 long sword (weapon)
Armour
 b - a +0 scale mail (worn)
 c - a +0 buckler (worn)
Potions
 d - a potion of might


   Skills:
 + Level 2.9 Fighting
 + Level 1.8 Long Blades
 + Level 3.8 Armour
 + Level 3.4 Shields


You couldn't memorise any spells.
You didn't know any spells.
Your spell library was empty.

Dungeon Overview and Level Annotations

Branches:
Dungeon (1/15)

Altars:


Innate Abilities, Weirdness & Mutations

You are completely covered in rugged brown scales. (AC +3, +7% HP)
Armour fits poorly on your strangely shaped body.
You have a long armoured tail.
You roll when moving toward enemies. (Rampage)
Your long tongue fully drains potion bottles. (2x potion effects)
Your tongue gives you trouble enunciating. (1.5x scroll delay)


Message History

You closely miss the goblin.
The goblin hits you with a +0 dagger. x2
You closely miss the goblin.
Your tail-slap misses the goblin.
The goblin hits you but does no damage.
You slash the goblin!
You kill the goblin!
You closely miss the hobgoblin. You block the hobgoblin's attack.
The hobgoblin barely misses you.
You hit the hobgoblin but do no damage. You tail-slap the hobgoblin.
The hobgoblin is severely wounded.
The hobgoblin closely misses you.
You hit the hobgoblin.
You kill the hobgoblin!
No target in view!
You see here a +0 dagger.
Found a mace.
You now have 13 gold pieces (gained 8).
Found 4 stones.
A kobold comes into view. It is wielding a +0 club.
The kobold shouts!
The kobold throws a stone.
The stone barely misses you.
Unknown command.
The kobold throws a stone.
The stone hits you but does no damage.
You see here 4 stones.
You roll towards the kobold!
You hit the kobold but do no damage. The kobold hits you but does no damage.
The kobold hits you with a +0 club.
You barely miss the kobold. You tail-slap the kobold.
You kill the kobold!
No target in view!
No target in view!
No target in view!
No target in view!
Things that are here:
a +0 club; a stone; a kobold corpse A hobgoblin comes into view.
Found a scroll labelled FIRCHU AKYQUAH.
Unknown command.
Unknown command.
Are you sure you want to abandon this character and quit the game? (Confirm with "yes".)
Okay, then.
Are you sure you want to abandon this character and quit the game? (Confirm with "yes".)

.#.# #.# .# #
#.# )# #.# ##
#.# #.#
#.##########
#..........#
##########.#
#@#
..g?..........#
..#.###.####..#
#.# ..# ###


You could see a hobgoblin.

Vanquished Creatures
  A ball python (D:1)
  An endoplasm (D:1)
  A goblin (D:1)
  A hobgoblin (D:1)
  A quokka (D:1)
  A kobold (D:1)
6 creatures vanquished.

Notes
Turn   | Place    | Note
-------+----------+-------------------------------------------
     0 | D:1      | wildpjah the Armataur Fighter began the quest for the Orb.
     0 | D:1      | Reached XP level 1. HP: 19/19 MP: 1/1
   266 | D:1      | Quit the game

Illustrated notes

Levels and vault maps discovered:
D:1:      psy_arrival_radial02, layout_loops_ring,
          shapermc_ecumenical_altar_petra

Action                     || total
---------------------------++-------
  Melee: Long sword        ||    16
         Tailslap          ||     4
 Armour: Scale mail        ||     8
  Dodge: Dodged            ||     7
  Block: Buckler           ||     3

Table legend: (Time is in decaauts)
 A = Elapsed time spent in this place.
 B = Non-inter-level travel time spent in this place.
 C = Inter-level travel time spent in this place.
 D = Time resting spent in this place.
 E = Time spent auto-exploring this place.
 F = Levels seen in this place.
 G = Mean time per level.
                   A        B        C        D        E       F      G
               +--------+--------+--------+--------+--------+-----+--------+
         Total |    271 |    271 |      0 |      0 |    232 |   1 |  271.0 |
       Dungeon |    271 |    271 |      0 |      0 |    232 |   1 |  271.0 |
               +--------+--------+--------+--------+--------+-----+--------+

Top non-repeatable levels by time:
     D:1: 271 daAuts
